Map: Deathaura LE

Players

MCanning - Winner!

  • Race: Protoss Protoss
  • Spawn Location: 5:00

Scarlett

  • Race: Zerg Zerg
  • League: Master
  • Spawn Location: 11:00

Event: DreamHack SC2 Masters 2020 Winter

VOD

Have the link to the VOD?

Description

Time

  • Played on: Oct. 30, 2020, 4 p.m.
  • Length: 11:09

All games in this series

Show
View Real Time Build Order
Export as new Build Order

MCanning Protoss - Winner!

Build Orders: 1 Gate Expand, Oracle Opening, Carriers 

Get SALT Encoding   

  12  0:00  Probe  
  13  0:12  Probe  
  14  0:17  Pylon  
  14  0:24  Probe  
  15  0:36  Probe (Chrono Boost)  
  15  0:37  Gateway  
  16  0:47  Assimilator, Probe (Chrono Boost)  
  17  0:52  Probe (Chrono Boost)  
  18  1:03  Probe  
  19  1:15  Probe  
  20  1:27  Probe  
  20  1:28  Nexus  
  21  1:37  Cybernetics Core  
  21  1:40  Probe  
  21  1:46  Assimilator  
  22  1:52  Probe  
  22  1:53  Unknown x2  
  22  1:54  Unknown  
  23  1:56  Pylon  
  23  2:11  Adept (Chrono Boost)  
  23  2:14  Probe  
  26  2:21  Unknown  
  26  2:26  Unknown, Stargate, Probe  
  27  2:33  Stalker (Chrono Boost)  
  29  2:39  Probe (Chrono Boost)  
  29  2:41  Probe (Chrono Boost)  
  31  2:47  Warp Gate  
  32  2:53  Probe (Chrono Boost)  
  32  2:56  Probe (Chrono Boost)  
  33  2:59  Probe (Chrono Boost)  
  33  3:00  Gateway  
  33  3:03  Probe (Chrono Boost), Void Ray (Chrono Boost)  
  35  3:07  Probe  
  40  3:15  Probe  
  40  3:19  Probe  
  42  3:23  Pylon  
  42  3:27  Probe  
  43  3:31  Probe  
  44  3:38  Oracle (Chrono Boost)  
  44  3:39  Pylon, Probe  
  48  3:43  Probe  
  48  3:45  Assimilator  
  48  3:48  Assimilator  
  49  3:51  Probe  
  50  3:55  Probe  
  51  4:03  Probe  
  51  4:05  Pylon  
  51  4:08  Probe  
  53  4:15  Probe (Chrono Boost)  
  54  4:20  Probe (Chrono Boost)  
  55  4:29  Pylon  
  57  4:32  Probe (Chrono Boost)  
  57  4:33  Nexus, Probe (Chrono Boost)  
  57  4:36  Pylon  
  57  4:37  Probe (Chrono Boost)  
  58  4:40  Probe (Chrono Boost)  
  59  4:46  Fleet Beacon  
  59  4:49  Stargate  
  59  4:51  Stargate, Probe  
  59  4:52  Probe  
  61  5:03  Probe  
  61  5:04  Adept x2  
  61  5:05  Probe  
  67  5:13  Protoss Air Weapons Level 1  
  67  5:15  Probe  
  68  5:21  Probe  
  68  5:23  Pylon  
  68  5:24  Carrier (Chrono Boost)  
  68  5:27  Pylon  
  75  5:40  Assimilator, Carrier (Chrono Boost)  
  81  5:46  Shield Battery  
  81  5:51  Probe  
  81  5:54  Robotics Facility, Probe  
  83  5:58  Zealot  
  83  6:00  Probe  
  83  6:04  Probe  
  87  6:07  Zealot  
  83  6:14  Probe  
  88  6:19  Probe  
  88  6:21  Pylon, Carrier (Chrono Boost)  
  88  6:22  Assimilator  
  88  6:23  Forge  
  88  6:24  Probe  
  90  6:27  Stalker  
  90  6:28  Probe  
  90  6:31  Probe  
  94  6:34  Gateway  
  94  6:36  Probe  
  95  6:41  Robotics Bay, Probe  
  95  6:42  Observer  
  95  6:47  Carrier (Chrono Boost)  
  97  6:50  Probe  
  104  7:00  Photon Cannon  
  104  7:01  Photon Cannon  
  104  7:09  Photon Cannon, Carrier  
  104  7:11  Shield Battery  
  104  7:12  Probe  
  111  7:19  Shield Battery  
  111  7:20  Probe  
  111  7:21  Shield Battery  
  112  7:23  Pylon  
  112  7:31  Probe  
  112  7:34  Probe  
  112  7:35  Disruptor (Chrono Boost)  
  117  7:39  Pylon  
  117  7:41  Photon Cannon, Carrier  
  123  7:58  Protoss Air Weapons Level 2 (Chrono Boost)  
  123  7:59  Photon Cannon  
  123  8:00  Disruptor (Chrono Boost)  
  123  8:05  Zealot x3  
  130  8:26  Nexus, Shield Battery  
  130  8:29  Disruptor (Chrono Boost), Pylon  
  130  8:30  Carrier  
  138  8:40  Pylon  
  137  8:41  Pylon  
  137  8:49  Disruptor (Chrono Boost)  
  140  8:55  Nexus  
  140  8:59  Pylon, Carrier (Chrono Boost)  
  149  9:08  Carrier (Chrono Boost)  
  149  9:20  Photon Cannon  
  149  9:21  Photon Cannon, Observer (Chrono Boost)  
  149  9:23  Photon Cannon  
  150  9:24  Shield Battery  
  150  9:33  Probe  
  157  9:40  Photon Cannon  
  157  9:41  Carrier (Chrono Boost)  
  157  9:43  Twilight Council  
  157  9:45  Shield Battery  
  157  9:46  Shield Battery  
  157  9:48  Zealot  
  157  9:49  Pylon  
  159  9:54  Void Ray (Chrono Boost)  
Show
View Real Time Build Order
Export as new Build Order

Scarlett Zerg 

Build Orders: Hatch First 

Get SALT Encoding   

  12  0:00  Drone  
  13  0:12  Overlord  
  13  0:16  Drone  
  14  0:30  Drone x2  
  14  0:34  Drone  
  17  0:51  Hatchery  
  17  0:55  Drone  
  17  0:58  Drone  
  18  1:18  Unknown x3  
  18  1:24  Spawning Pool  
  17  1:28  Drone  
  17  1:30  Extractor  
  17  1:33  Unknown  
  17  1:35  Drone x2  
  19  1:46  Drone  
  20  1:50  Unknown, Overlord  
  20  2:01  Unknown  
  20  2:03  Drone  
  21  2:11  Drone, Queen x2  
  21  2:15  Zergling x2  
  27  2:19  Drone  
  27  2:20  Unknown  
  28  2:23  Drone  
  30  2:30  Drone  
  30  2:32  Metabolic Boost  
  30  2:36  Drone x2  
  32  2:45  Drone  
  32  2:50  Hatchery, Overlord  
  32  2:56  Drone  
  32  2:57  Drone  
  34  3:00  Queen  
  34  3:04  Unknown  
  36  3:08  Overlord  
  36  3:12  Unknown  
  36  3:13  Drone  
  36  3:15  Unknown  
  36  3:17  Queen  
  36  3:19  Drone  
  40  3:20  Drone  
  40  3:21  Drone x2  
  40  3:22  Unknown  
  43  3:33  Drone x2  
  43  3:34  Unknown  
  45  3:36  Overlord  
  45  3:39  Queen  
  47  3:45  Drone x2  
  49  3:51  Overlord x2  
  49  3:56  Drone x3  
  49  3:57  Overlord  
  49  4:00  Overlord  
  52  4:03  Overlord  
  52  4:06  Unknown  
  52  4:07  Queen  
  52  4:08  Unknown  
  52  4:09  Drone x2  
  56  4:12  Drone  
  56  4:14  Spore Crawler  
  56  4:16  Spore Crawler  
  55  4:17  Extractor  
  55  4:22  Drone  
  55  4:24  Spore Crawler  
  55  4:28  Drone x6  
  55  4:29  Unknown  
  60  4:35  Drone x4  
  64  4:40  Lair  
  64  4:42  Unknown  
  64  4:45  Extractor  
  63  4:46  Evolution Chamber, Drone x3  
  63  4:47  Extractor  
  64  4:53  Extractor  
  64  4:56  Drone x4  
  64  4:58  Roach Warren  
  66  5:01  Zergling x8  
  66  5:06  Zergling x2  
  66  5:07  Zergling x6  
  74  5:12  Zerg Missile Weapons Level 1  
  74  5:17  Zergling x10  
  74  5:20  Spine Crawler  
  77  5:29  Zergling x2  
  77  5:30  Zergling x14  
  85  5:36  Overlord  
  85  5:41  Drone x4  
  89  5:45  Overseer  
  89  5:47  Hydralisk Den  
  89  5:53  Drone  
  89  5:54  Drone x2  
  89  5:55  Drone x3  
  95  5:57  Drone x3  
  95  6:03  Overlord  
  95  6:14  Drone x7  
  99  6:20  Extractor, Hatchery, Overlord x2  
  99  6:21  Extractor  
  99  6:23  Muscular Augments  
  102  6:34  Hydralisk x6  
  108  6:46  Hydralisk x6  
  120  6:50  Overlord x3  
  120  6:52  Overlord  
  120  7:00  Overlord x2  
  120  7:04  Hydralisk  
  120  7:08  Zerg Missile Weapons Level 2  
  122  7:10  Hydralisk x4  
  130  7:16  Drone x5  
  136  7:22  Drone  
  136  7:23  Drone  
  137  7:30  Drone x2  
  137  7:34  Drone x2  
  137  7:35  Grooved Spines  
  137  7:36  Extractor  
  140  7:38  Drone x4, Hatchery  
  140  7:40  Extractor  
  140  7:43  Drone x3  
  140  7:44  Hydralisk x4  
  145  7:50  Overseer  
  153  7:52  Hydralisk x4  
  153  7:57  Hydralisk x2  
  165  8:06  Overlord x3  
  165  8:07  Hydralisk x3  
  171  8:16  Hydralisk  
  171  8:17  Hydralisk  
  174  8:26  Infestation Pit, Hydralisk x4  
  174  8:27  Hydralisk x3  
  182  8:42  Evolution Chamber  
  182  8:43  Hydralisk x9  
  182  8:44  Zergling x2  
  199  8:55  Hydralisk x4  
  185  8:56  Zergling x8  
  169  9:03  Hydralisk x3  
  169  9:04  Hydralisk  
  151  9:11  Hive  
  151  9:14  Zerg Ground Armor Level 1  
  149  9:17  Hydralisk x3  
  149  9:23  Hydralisk x3  
  161  9:24  Zergling x2  
  158  9:33  Hydralisk x4  
  158  9:37  Hydralisk x2  
  158  9:38  Zergling x6  
  173  9:43  Overseer  
  173  9:52  Hydralisk  
  173  9:53  Hydralisk x5  
  173  9:55  Zergling x14  
  147  10:17  Hydralisk x9  
  147  10:18  Hydralisk x2  
  147  10:20  Zergling x12  
  159  10:23  Hydralisk  
  159  10:28  Hydralisk x3  
  159  10:32  Hydralisk x2  
  159  10:34  Hydralisk  
  159  10:35  Zergling x4  
Tags
 
Add a new tag
Caveats
  • Supply blocks, unpowered buildings, or Contaminate may cause inaccurate times.
  • Supply counts are checked every 10 seconds.